Map: Ciénaga EJ

Players

Drizzt

  • Race: Zerg Zerg
  • Spawn Location: 5:00

IA (Muy fácil) 1 - Winner!

  • Race: Terran Terran
  • Spawn Location: 11:00

VOD

Have the link to the VOD?

Description

Time

  • Played on: May 15, 2018, 10:52 a.m.
  • Length: 10:07
Show
View Real Time Build Order
Export as new Build Order

Drizzt Zerg 

Build Orders: Hatch First 

Get SALT Encoding   

  12  0:02  Drone  
  13  0:13  Overlord  
  13  0:17  Drone  
  14  0:31  Drone x2  
  16  0:35  Drone  
  17  0:45  Drone  
  18  0:58  Hatchery  
  17  1:04  Drone  
  17  1:08  Drone  
  19  1:12  Extractor  
  18  1:20  Spawning Pool  
  17  1:26  Drone  
  18  1:37  Drone  
  19  1:40  Overlord  
  19  2:06  Queen  
  21  2:10  Queen  
  21  2:14  Zergling x8  
  27  2:20  Metabolic Boost  
  27  2:27  Drone  
  28  2:30  Drone  
  29  2:45  Queen  
  29  2:47  Queen  
  33  2:52  Drone x2  
  33  2:53  Drone  
  33  2:57  Overlord  
  36  2:59  Overlord  
  36  3:24  Drone x9  
  36  3:25  Drone  
  46  3:49  Roach Warren  
  46  3:52  Extractor x2  
  43  3:57  Drone x3  
  43  3:59  Drone x3  
  43  4:02  Drone x3  
  52  4:07  Overlord  
  52  4:08  Overlord  
  52  4:10  Overlord  
  52  4:14  Lair  
  52  4:20  Evolution Chamber  
  52  4:22  Evolution Chamber  
  52  4:23  Drone x2  
  52  4:26  Drone x2  
  54  4:34  Spore Crawler  
  54  4:37  Spore Crawler  
  52  4:41  Roach x4  
  52  4:45  Roach x2  
  64  5:06  Hatchery  
  63  5:09  Zerg Ground Armor Level 1, Zerg Melee Weapons Level 1  
  63  5:15  Overseer  
  63  5:19  Extractor  
  62  5:21  Drone x3  
  62  5:23  Drone x2  
  62  5:27  Drone x2  
  69  5:38  Hydralisk Den  
  69  5:39  Drone  
  69  5:59  Overlord x4  
  69  6:11  Muscular Augments  
  69  6:17  Lurker Den, Drone  
  69  6:20  Drone  
  69  6:21  Drone x7  
  77  6:38  Hydralisk  
  77  6:39  Roach x3, Hydralisk x3  
  93  6:40  Roach x2  
  95  7:03  Zerg Melee Weapons Level 2  
  95  7:04  Zerg Ground Armor Level 2  
  95  7:09  Overlord  
  95  7:10  Overlord x10  
  95  7:13  Drone x2  
  95  7:14  Drone  
  99  7:15  Drone  
  99  7:22  Grooved Spines  
  99  7:36  Infestation Pit  
  99  7:51  Lurker x3  
  101  8:19  Drone x5  
  106  8:20  Hatchery  
  105  8:29  Hive  
  107  9:53  Extractor  
  107  9:54  Extractor  
  107  9:55  Ultralisk Cavern  
Show
View Real Time Build Order
Export as new Build Order

IA (Muy fácil) 1 Terran - Winner!

Build Orders: Reaper Expand 

Get SALT Encoding   

  12  0:00  SCV  
  13  0:13  SCV  
  14  0:19  Supply Depot  
  14  0:42  Barracks  
  14  1:05  Command Center  
  14  1:31  Orbital Command, Supply Depot  
  14  1:32  Marine  
  15  1:37  Refinery  
  15  1:49  Refinery  
  15  1:57  SCV  
  16  2:09  SCV  
  17  2:17  Reaper  
  17  2:21  SCV  
  19  2:23  SCV  
  20  2:33  SCV  
  21  2:37  SCV, Refinery  
  22  2:45  SCV  
  23  2:51  SCV  
  23  2:57  Marine  
  25  2:59  SCV  
  26  3:06  SCV  
  27  3:13  SCV  
  27  3:17  Factory  
  28  3:20  SCV  
  29  3:38  Marine  
  29  3:41  Refinery  
  30  3:42  SCV  
  31  3:49  SCV  
  31  3:53  Supply Depot  
  32  3:56  SCV  
  33  4:03  SCV  
  33  4:04  Starport  
  33  4:11  SCV  
  34  4:18  SCV  
  34  4:19  Reaper  
  36  4:25  SCV  
  37  4:32  SCV  
  38  4:39  SCV  
  38  4:43  Supply Depot, Starport Tech Lab  
  39  4:46  SCV  
  39  4:52  Barracks Tech Lab  
  40  4:53  SCV  
  41  5:01  SCV  
  41  5:02  Raven  
  44  5:08  SCV  
  44  5:10  Marine  
  46  5:15  SCV  
  47  5:22  SCV  
  48  5:29  SCV  
  48  5:44  Raven  
  50  5:51  Marine  
  51  6:32  Marauder  
Tags
 
Add a new tag
Caveats
  • Supply blocks, unpowered buildings, or Contaminate may cause inaccurate times.
  • Supply counts are checked every 10 seconds.